AoeStats
← Javan

Arabia

509803506Analyzed
1v1 RM · 4d ago on Sep 28, 2026· 38m 5s· 2 players
Game mode
Random Map
Map size
Tiny (2 player)
Population
200
Speed
Normal
Resources
Standard
Victory
Conquest
Starting age
Dark Age
Ending age
Imperial Age
RankedLock teamsTeams togetherTeam positionsShared explorationLock speedFull tech treeHidden civsTurbo modeCheats
Victory
Defeat
🇧🇷 Sicilians · Brazil
993
+14
🇺🇸 Teutons · United States
952
-41
Javan
14:12 Feudal Age
14:56 Town Watch
14:36 Man-at-Arms
[RZ] Italo_Rafael
7:02 Loom
10:08 Feudal Age
22:56 Forging
27:52 Scale Mail Armor
35:39 Castle Age
Connection lost

Rejoining the realm…

Still unreachable

The connection could not be restored.

Session expired

The server has moved on; the page needs a fresh start.